 Dungeon Crawl Stone Soup version 0.32-a0-705-g60f233581c (webtiles) character file.

Game seed: 773001695717826136

320 hikkokomori the Shooter (level 6, 0/48 HPs)
             Began as a Coglin Hunter on Mar 15, 2024.
             Slain by an ufetubus (1 damage)
             ... on level 6 of the Dungeon.
             The game lasted 00:04:13 (2180 turns).

hikkokomori the Shooter (Coglin Hunter)             Turns: 2180, Time: 00:04:14

Health: 0/48       AC:  6    Str: 12    XL:     6   Next: 46%
Magic:  6/6        EV: 11    Int:  8    God:
Gold:   183        SH:  0    Dex: 19    Spells: 5/5 levels left

rFire   . . .        a - +2 sling {Shu}
rCold   . . .        d - +0 sling {Hajoon}
rNeg    . . .        c - +0 leather armour
rPois   .            s - +1 helmet
rElec   .            (no cloak)
rCorr   .            (no gloves)
SInv    .            h - +0 pair of boots
Will    .....        (amulet unavailable)
Stlth   ++           (ring unavailable)
HPRegen 0.28/turn    (ring unavailable)
MPRegen 0.10/turn    (no gizmo)

%: no passive effects
@: mighty, slowed, revved, very slow
A: off-hand wielding, slow wielding, warmup strikes, no jewellery
a: Invent Gizmo


You were on level 6 of the Dungeon.
You visited 1 branch of the dungeon, and saw 5 of its levels.

You collected 183 gold pieces.

Inventory:

Hand Weapons
 a - a +2 sling (weapon) {Shu}
 d - a +0 sling (offhand) {Hajoon}
 u - a +0 broad axe
Armour
 c - a +0 leather armour (worn)
 h - a +0 pair of boots (worn)
 s - a +1 helmet (worn)
Wands
 r - a wand of digging (6)
Scrolls
 b - a scroll of butterflies
 e - a scroll of noise {unknown}
 n - 2 scrolls of identify
 p - 2 scrolls of blinking
 q - a scroll of amnesia {unknown}
 t - a scroll of teleportation {unknown}
Potions
 f - a potion of curing
 g - a potion of haste {unknown}
 i - a potion of ambrosia {unknown}
 j - a potion of degeneration {unknown}
 k - a potion of might
 l - 2 potions of mutation {unknown}
 m - 2 potions of enlightenment {unknown}
 o - a potion of heal wounds {unknown}


   Skills:
 - Level 4.0 Fighting
 + Level 5.6 Ranged Weapons
 - Level 2.0 Dodging
 - Level 2.0 Stealth


You had 5 spell levels left.
You didn't know any spells.
Your spell library contained the following spells:

 Spells                   Type           Power      Damage    Failure   Level
 Static Discharge         Conj/Air       0%         3-3/arc   63%         2
 Airstrike                Air            0%         2d(0-16)  99%         4
 Ignite Poison            Fire/Alch      0%         N/A       99%         4
 Sticky Flame             Fire/Alch      0%         2d4       99%         4
 Summon Lightning Spire   Summ/Air       0%         N/A       99%         4
 Ignition                 Fire           0%         3d3       100%        8


Dungeon Overview and Level Annotations

Branches:
Dungeon (4/15)
 Temple: D:4-7

Altars:
Ashenzari
Dithmenos
Fedhas
Gozag
Sif Muna
Zin

Shops:
D:2 (   D:3 [*

Annotations:
D:4 1 runed translucent door, robwolf's ghost, amateur DgEE


Innate Abilities, Weirdness & Mutations

You can wield a second weapon in your off-hand.
It takes a long time for you to wield or remove held weapons.
Your first few attacks do less damage.
You cannot equip rings or amulets.


Message History

You feel extremely sick. The ufetubus hits you.
* * * LOW HITPOINT WARNING * * *
The ufetubus hits you.
* * * LOW HITPOINT WARNING * * *
The ufetubus barely misses you.
The ufetubus hits you but does no damage.
A kobold comes into view. It is wielding a +0 short sword.
The kobold throws a stone.
The stone hits you but does no damage.
It was a potion of curing.
You feel better.
The ufetubus hits you but does no damage.
The ufetubus closely misses you.
The kobold throws a stone.
The stone misses you.
The stone closely misses the ufetubus.
The ufetubus hits you but does no damage. x3
The ufetubus barely misses you.
You shoot a sling bullet.
The sling bullet closely misses the kobold brigand.
The sling bullet barely misses the kobold.
You shoot a sling bullet.
The sling bullet hits the kobold brigand but does no damage.
The kobold brigand is lightly wounded.
The ufetubus hits you. x2
* * * LOW HITPOINT WARNING * * *
The kobold brigand hits you with a +0 dagger!
* * * LOW HITPOINT WARNING * * *
The ufetubus barely misses you.
The ufetubus hits you but does no damage.
The kobold completely misses you.
The kobold brigand hits you but does no damage.
Unknown command.
As you read the scroll labelled VUK SIRESO, it crumbles to dust.
It is a scroll of identify.
p - 2 scrolls of blinking The ufetubus hits you but does no damage.
The ufetubus hits you.
* * * LOW HITPOINT WARNING * * *
The ufetubus hits you.
* * * LOW HITPOINT WARNING * * *
The ufetubus hits you.
You die...

.#. #..........#
_.. #..........#
.#.. #..........#
..... #..........#
.....##..........#
.................#
######...........#
#######..........#
......K@5........#
......K..........#
........##########
....K....
.......$#
........#
........#
#######..


You could see a kobold brigand, an ufetubus and 2 kobolds.

Vanquished Creatures
  2 black bears (D:4)
  Jessica (D:2)
  An iguana (D:4)
  An adder (D:4)
  An ufetubus (D:6)
  A dart slug (D:4)
  A ribbon worm (D:3)
  5 orcs (D:3)
  6 ball pythons
  4 bats
  8 endoplasms
  3 giant cockroaches
  7 goblins
  3 hobgoblins (D:1)
  6 kobolds
  3 quokkas
  5 frilled lizards
  7 rats
65 creatures vanquished.

Notes
Turn   | Place    | Note
-------+----------+-------------------------------------------
     0 | D:1      | hikkokomori the Coglin Hunter began the quest for the Orb.
     0 | D:1      | Reached XP level 1. HP: 16/16 MP: 1/1
    50 | D:1      | Reached skill level 1 in Stealth
    53 | D:1      | Reached XP level 2. HP: 22/22 MP: 2/2
   271 | D:1      | Reached XP level 3. HP: 28/28 MP: 3/3
   729 | D:2      | Found Kyurrebe's Antique Weapon Boutique.
   844 | D:2      | Noticed Jessica
   845 | D:2      | Killed Jessica
   846 | D:2      | Reached skill level 4 in Ranged Weapons
   846 | D:2      | Reached XP level 4. HP: 34/34 MP: 4/4
   871 | D:2      | Found a shimmering blue altar of Sif Muna.
  1176 | D:3      | Found a blossoming altar of Fedhas.
  1192 | D:3      | Found an opulent altar of Gozag.
  1399 | D:3      | Found a shadowy altar of Dithmenos.
  1426 | D:3      | Found Zin's Purification Station.
  1428 | D:3      | Found a glowing silver altar of Zin.
  1554 | D:3      | Found a shimmering blue altar of Sif Muna.
  1677 | D:3      | Found Nasapamn's Antique Armour Emporium.
  1979 | D:4      | Reached XP level 5. HP: 41/41 MP: 5/5
  2026 | D:4      | Noticed a black bear
  2031 | D:4      | Killed a black bear
  2044 | D:4      | Noticed a black bear
  2045 | D:4      | Found a runed translucent door.
  2051 | D:4      | Killed a black bear
  2052 | D:4      | Reached skill level 5 in Ranged Weapons
  2052 | D:4      | Reached XP level 6. HP: 34/48 MP: 6/6
  2103 | D:4      | Noticed robwolf's ghost (amateur DgEE)
  2147 | D:4      | You fall into a shaft and drop 2 floors!
  2168 | D:6      | Found a broken altar of Ashenzari.
  2180 | D:6      | HP: 2/48 [ufetubus (2)]
  2180 | D:6      | Slain by an ufetubus

Illustrated notes

Levels and vault maps discovered:
D:1:      psy_arrival_radial01, layout_basic
D:2:      layout_basic, basic_altar, serial_shops, shop, uniq_jessica
D:3:      layout_basic, lemuel_crystal_altar, zin_purify,
          hellmonk_sif_muna_bookshelves, lemuel_doored_altar,
          fedhas_ov_isle_minmay, serial_shops,
          nicolae_shop_competitors_out_of_business, kennysheep_small_spiral
D:4:      layout_cave_pools, mainiacjoe_overflow_small_starburst, serial_shops,
          shop, ebering_ghost_sewer_d, minmay_gold_behind_fungi,
          nicolae_elemental_shop, hangedman_decor_diamond_cutter,
          hangedman_decor_riveting
D:6:      layout_basic, mainiacjoe_overflow_cross_hatched, ashenzari_altar_1,
          grunt_ministairs_2

Skill      XL: |  1  2  3  4  5 |
---------------+----------------+-----
Stealth        | 1 2 |  2.0
Dodging        | 2 |  2.0
Ranged Weapons | 4 5 |  5.6
Fighting       | 3 4 |  4.0

Action                     |  1- 3 |  4- 6 || total
---------------------------+-------+-------++-------
   Fire: Sling             |   116 |   150 ||   266
    Use: Potion            |       |     2 ||     2
         Scroll            |       |     1 ||     1
 Armour: Leather armour    |     7 |    31 ||    38
  Dodge: Dodged            |     9 |    15 ||    24

Table legend: (Time is in decaauts)
 A = Elapsed time spent in this place.
 B = Non-inter-level travel time spent in this place.
 C = Inter-level travel time spent in this place.
 D = Time resting spent in this place.
 E = Time spent auto-exploring this place.
 F = Levels seen in this place.
 G = Mean time per level.
                   A        B        C        D        E       F      G
               +--------+--------+--------+--------+--------+-----+--------+
         Total |   2211 |   2129 |     82 |      0 |   1805 |   5 |  442.2 |
       Dungeon |   2211 |   2129 |     82 |      0 |   1805 |   5 |  442.2 |
               +--------+--------+--------+--------+--------+-----+--------+

Top non-repeatable levels by time:
     D:3: 808 daAuts
     D:1: 667 daAuts
     D:2: 520 daAuts
     D:4: 178 daAuts
     D:6: 35 daAuts
